 Seeded DCSS version 0.30-a0-509-gd016549fea (webtiles) character file.

Game seed: 14515770464801046218 (custom seed)

144 purpskrrrp the Stinger (level 5, -3/35 HPs)
             Began as a Demonspawn Venom Mage on Dec 22, 2022.
             Slain by Pikel
             ... wielding a +1 whip of freezing
              (4 damage)
             ... on level 6 of the Dungeon.
             The game lasted 00:05:20 (2295 turns).

purpskrrrp the Stinger (Demonspawn Venom Mage)      Turns: 2295, Time: 00:05:21

Health: -3/35      AC:  2    Str:  7 (8)  XL:     5   Next: 5%
Magic:  9/9        EV: 12    Int: 18 (19) God:
Gold:   106        SH:  0    Dex: 11 (13) Spells: 5/10 levels left

rFire   + . .      SeeInvis .    f - +6 short sword
rCold   x . .      Faith    .    (no shield)
rNeg    . . .      Spirit   .    a - +0 robe
rPois   .          Reflect  .    (helmet restricted)
rElec   .          Harm     .    (no cloak)
rCorr   .          Rampage  .    (no gloves)
Will    .....      Rage     3%   (no boots)
Stlth   ++........               c - amulet of magic regeneration
HPRegen 0.25/turn                j - ring of fire
MPRegen 0.51/turn                (no ring)

@: mighty
A: horns 1, powered by death 1, berserk 1, MP-powered wands, sturdy frame 1
a: no special abilities


You were on level 6 of the Dungeon.
You visited 1 branch of the dungeon, and saw 4 of its levels.

You collected 106 gold pieces.

Inventory:

Hand Weapons
 e - a +0 dagger
 f - a +6 short sword (weapon)
 g - a +1 war axe of draining
 h - a +3 dagger of venom
Armour
 a - a +0 robe (worn)
Jewellery
 c - an amulet of magic regeneration (around neck)
 j - a ring of fire (left hand)
Potions
 b - a potion of magic
 d - a potion of degeneration
 i - a potion of lignification


   Skills:
 + Level 2.8 Dodging
 - Level 1.7 Stealth
 + Level 3.0 Spellcasting
 + Level 2.2 Transmutations
 + Level 3.9 Poison Magic


You had 5 spell levels left.
You knew the following spells:

 Your Spells              Type           Power      Damage    Failure   Level
a - Sting                 Tmut/Pois      52%        1d5       4%          1
b - Olgreb's Toxic Radia  Pois           16%        N/A       32%         4

Your spell library contained the following spells:

 Spells                   Type           Power      Damage    Failure   Level
 Poisonous Vapours        Pois/Air       18%        N/A       11%         2
 Mephitic Cloud           Conj/Pois/Air  7%         N/A       28%         3
 Tukima's Dance           Hex            2%         N/A       43%         3
 Passage of Golubria      Tloc           2%         N/A       85%         4
 Yara's Violent Unravell  Hex/Tmut       3%         3d4       96%         5


Dungeon Overview and Level Annotations

Branches:
Dungeon (3/15)

Altars:

Annotations:
D:6 Pikel


Innate Abilities, Weirdness & Mutations

You have a pair of small horns on your head.
You regenerate a little health from kills.
You sometimes lose your temper in combat.
You expend magic power (3 MP) to strengthen your wands.
Your movements are slightly less encumbered by armour. (ER -2)


Message History

You completely miss the lemure. Your headbutt misses the lemure.
The lemure is lightly wounded.
The lemure hits you.
You hit the lemure.
The lemure is moderately wounded.
The lemure hits you but does no damage.
You closely miss the lemure. Your headbutt misses the lemure.
The lemure is moderately wounded.
You hit the lemure.
The lemure is heavily wounded.
The lemure completely misses you.
You barely miss the lemure. You headbutt the lemure.
The lemure is heavily wounded.
The lemure hits you. The lemure misses you.
It was a potion of degeneration.
There was something very wrong with that liquid.
You feel weakened.
You feel dopey.
You feel clumsy. The lemure misses you. The lemure hits you but does no damage.
It was a potion of might.
You feel very mighty all of a sudden. The lemure misses you.
The lemure completely misses you.
You hit the lemure.
The lemure is severely wounded.
The lemure hits you! The lemure misses you.
It was a potion of mutation.
You feel extremely strange.
You feel a little pissed off.
You feel your magical essence link to the dungeon's wands.
You feel less encumbered by your armour.
The lemure hits you.
* * * LOW HITPOINT WARNING * * *
Okay, then.
You hit Pikel.
Pikel is lightly wounded.
The lemure barely misses you.
You barely miss Pikel.
Pikel is lightly wounded.
Pikel hits you with a +1 whip of freezing!
* * * LOW HITPOINT WARNING * * *
Pikel freezes you.
You die...

#.................# .
#................)# ..
#.................# ...
#.................#####....
..##+#######...............
.......+...............
..5...#...............
K....#...............
#...#..@5...........
##...####K#######....
#....5.555.# ....
#..........# ..
#..........# . #########.##
###


You could see Pikel and 2 lemures.

Vanquished Creatures
  Natasha (D:2)
  Robin (D:2)
  2 adders (D:2)
  4 gnolls (D:3)
  2 worms
  2 dart slugs
  2 ball pythons
  2 bats (D:1)
  4 endoplasms
  A giant cockroach (D:2)
  11 goblins
  5 hobgoblins
  4 frilled lizards
  4 kobolds
  2 rats
47 creatures vanquished.

Vanquished Creatures (others)
  23 plants (D:2)
23 creatures vanquished.

Grand Total: 70 creatures vanquished

Notes
Turn   | Place    | Note
-------+----------+-------------------------------------------
     0 | D:1      | purpskrrrp the Demonspawn Venom Mage began the quest for
                  | the Orb.
     0 | D:1      | Reached XP level 1. HP: 13/13 MP: 3/3
   164 | D:1      | Reached skill level 1 in Transmutations
   436 | D:1      | Gained mutation: You have a pair of small horns on your
                  | head. [demonic ancestry]
   436 | D:1      | Reached XP level 2. HP: 19/19 MP: 1/5
  1105 | D:2      | Gained mutation: You regenerate a little health from kills.
                  | [demonic ancestry]
  1105 | D:2      | Reached XP level 3. HP: 17/24 MP: 2/6
  1177 | D:2      | Noticed Robin
  1197 | D:2      | HP: 1/24 [goblin/+0 whip (5)]
  1198 | D:2      | Killed Robin
  1275 | D:2      | Noticed Natasha
  1282 | D:2      | Killed Natasha
  1283 | D:2      | Reached XP level 4. HP: 19/30 MP: 3/7
  1988 | D:2      | Learned a level 4 spell: Olgreb's Toxic Radiance
  2100 | D:3      | Reached XP level 5. HP: 15/35 MP: 9/9
  2229 | D:3      | You fall into a shaft and drop 3 floors!
  2277 | D:6      | Noticed a lemure
  2277 | D:6      | Noticed Pikel
  2277 | D:6      | Noticed a lemure
  2278 | D:6      | Noticed a lemure
  2278 | D:6      | Noticed a lemure
  2293 | D:6      | Gained mutation: You sometimes lose your temper in combat.
                  | [potion of mutation]
  2293 | D:6      | Gained mutation: You expend magic power (3 MP) to
                  | strengthen your wands. [potion of mutation]
  2293 | D:6      | Gained mutation: Your movements are slightly less
                  | encumbered by armour. (ER -2) [potion of mutation]
  2295 | D:6      | HP: 1/35 [Pikel/+1 whip of freezing (8)]
  2295 | D:6      | Slain by Pikel

Illustrated notes

Levels and vault maps discovered:
D:1:      dpeg_arrival_fog, layout_basic
D:2:      layout_loops_ring, serial_bayou_lagoon_a, uniq_natasha, uniq_robin
D:3:      layout_basic
D:6:      layout_gridville, uniq_pikel

Skill      XL: |  1  2  3  4  5 |
---------------+----------------+-----
Transmutations | 1 2 |  2.2
Dodging        | 2 |  2.8
Spellcasting   | 3 |  3.0
Stealth        | |  1.7
Poison Magic   | |  3.9

Action                   |  1- 3 |  4- 6 || total
-------------------------+-------+-------++-------
Melee: Unarmed           |    16 |       ||    16
       Dagger            |    33 |       ||    33
       War axe           |     3 |       ||     3
       Headbutt          |     6 |     2 ||     8
       Short sword       |     2 |    45 ||    47
       Punch             |       |     1 ||     1
 Cast: Sting             |    35 |    21 ||    56
  Use: Scroll            |     2 |     2 ||     4
       Potion            |     1 |     3 ||     4
Armor: Robe              |     8 |     3 ||    11
Dodge: Dodged            |    30 |    21 ||    51

Table legend: (Time is in decaauts)
 A = Elapsed time spent in this place.
 B = Non-inter-level travel time spent in this place.
 C = Inter-level travel time spent in this place.
 D = Time resting spent in this place.
 E = Time spent auto-exploring this place.
 F = Levels seen in this place.
 G = Mean time per level.
                   A        B        C        D        E       F      G
               +--------+--------+--------+--------+--------+-----+--------+
         Total |   2305 |   2240 |     65 |     51 |   1750 |   4 |  576.2 |
       Dungeon |   2305 |   2240 |     65 |     51 |   1750 |   4 |  576.2 |
               +--------+--------+--------+--------+--------+-----+--------+

Top non-repeatable levels by time:
     D:1: 1091 daAuts
     D:2: 908 daAuts
     D:3: 239 daAuts
     D:6: 65 daAuts
